 Dungeon Crawl Stone Soup version 0.31.0-9-g3a7656b989 (webtiles) character file.

Game seed: 11175988516697631473

403 Querens the Magician (level 6, -2/32 HPs)
             Began as a Deep Elf Conjurer on Jan 30, 2024.
             Incinerated by a bombardier beetle (5 damage)
             ... with a burning spray
             ... on level 4 of the Dungeon.
             The game lasted 00:12:48 (2589 turns).

Querens the Magician (Deep Elf Conjurer)            Turns: 2589, Time: 00:12:49

Health: -2/32      AC:  6    Str:  4    XL:     6   Next: 55%
Magic:  22/27      EV: 12    Int: 25    God:
Gold:   181        SH:  0    Dex: 13    Spells: 8/19 levels left

rFire   . . .        w - +1 dagger (flame)
rCold   . . .        (no shield)
rNeg    + . .        s - +2 robe {rN+}
rPois   .            c - +2 hat
rElec   .            (no cloak)
rCorr   .            (no gloves)
SInv    .            (no boots)
Will    .....        o - amulet of regeneration
Stlth   +            A - ring of wizardry
HPRegen 1.05/turn    v - ring of magical power
MPRegen 0.20/turn

%: wizardry (x1)
@: on fire, glowing
A: no striking features
a: no special abilities


You were on level 4 of the Dungeon.
You visited 1 branch of the dungeon, and saw 4 of its levels.

You collected 181 gold pieces.

Inventory:

Hand Weapons
 p - the +2 short sword of Freezing Defiance {elec, rF+++ rC- rCorr Stlth-}
   (You found it on level 2 of the Dungeon)

   rF+++:     It renders you almost immune to fire.
   rC-:       It makes you vulnerable to cold.
   rCorr:     It protects you from acid and corrosion.
   Stlth-:    It makes you less stealthy.
 w - a +1 dagger of flaming (weapon)
Armour
 c - a +2 hat (worn)
 s - a +2 robe of positive energy (worn)
 t - a scarf of shadows
Jewellery
 f - an amulet of the acrobat
 m - a ring of resist corrosion
 o - an amulet of regeneration (around neck)
 v - a ring of magical power (right hand)
 A - a ring of wizardry (left hand)
Wands
 l - a wand of flame (16)
 z - a wand of quicksilver (7)
Scrolls
 d - a scroll of blinking {unknown}
 e - a scroll of poison {unknown}
 h - a scroll of torment {unknown}
 k - a scroll of teleportation {unknown}
 n - 2 scrolls of identify {unknown}
 r - a scroll of immolation {unknown}
 y - a scroll of brand weapon {unknown}
Potions
 a - a potion of mutation {unknown}
 b - a potion of magic
 g - 3 potions of resistance {unknown}
 i - a potion of attraction {unknown}
 j - a potion of cancellation {unknown}
 q - a potion of heal wounds {unknown}
 u - a potion of curing {unknown}
 x - a potion of ambrosia {unknown}


   Skills:
 - Level 2.4 Dodging
 - Level 2.4 Stealth
 + Level 7.0 Spellcasting
 + Level 6.9 Conjurations


You had 8 spell levels left.
You knew the following spells:

 Your Spells              Type           Power      Damage    Failure   Level
a - Magic Dart            Conj           100%       1d8       1%          1
b - Searing Ray           Conj           86%        2d7       1%          2
c - Iskenderun's Mystic   Conj/Tloc      26%        2d7       6%          4
d - Fulminant Prism       Conj/Alch      13%        3d8       6%          4

Your spell library contained the following spells:

 Spells                   Type           Power      Damage    Failure   Level
 Gell's Gravitas          Tloc           8%         N/A       9%          3
 Teleport Other           Tloc           8%         N/A       9%          3
 Dispersal                Tloc           4%         N/A       98%         6


Dungeon Overview and Level Annotations

Branches:
Dungeon (4/15)
 Temple: D:4-7

Altars:


Message History

(Press . to maintain the ray.) Unknown command.
The searing ray hits the ogre.
The ogre is heavily wounded.
The searing ray hits the orc!
You kill the orc!
The searing ray hits the ogre!
The ogre is almost dead.
The searing ray hits the bombardier beetle.
The bombardier beetle is heavily wounded.
The ogre hits you with a +0 giant club!!
Ouch! That really hurt!
* * * LOW HITPOINT WARNING * * *
You hear a shout!
Unknown command.
The searing ray hits the ogre!
You kill the ogre!
The searing ray hits the orc!
You kill the orc!
The searing ray hits the bombardier beetle!
The bombardier beetle is almost dead.
You finish channelling your searing ray.
The bombardier beetle sprays incendiary fluid at you.
The burning spray hits you.
You are covered in liquid fire!
Your Spellcasting skill increases to level 7!
Unknown command.
Unknown command.
You shake off some of the fire as you move.
The liquid fire burns you!
* * * LOW HITPOINT WARNING * * *
The bombardier beetle sprays incendiary fluid at you.
The burning spray hits you.
You are even more covered in liquid fire!
You shake off some of the fire as you move.
The liquid fire burns you!
* * * LOW HITPOINT WARNING * * *
You shake off some of the fire as you move.
The liquid fire burns you!
You die...

.... .<.. .. #B. .#
#.. .# #)# .# #)#
.# ##.## .#
###.#.##.#
#..###.@.#
#.#.#.#### ##.##.#
###.#
##...#.#####......
##.#.#..........# #
#.##.......####...#
##.###.###.####.###
##.#.## #.#.......
##.## #.........


There were no monsters in sight!

Vanquished Creatures
  An ogre (D:4)
  A bombardier beetle (D:3)
  Jessica (D:3)
  Ijyb (D:3)
  Natasha (twice) (D:2)
  Robin (D:3)
  5 adders
  A dart slug (D:1)
  4 ribbon worms
  6 orcs
  7 ball pythons
  6 bats
  7 endoplasms
  7 giant cockroaches
  11 goblins
  12 hobgoblins
  7 jackals
  6 kobolds
  4 quokkas
  6 frilled lizards
  5 rats
101 creatures vanquished.

Notes
Turn   | Place    | Note
-------+----------+-------------------------------------------
     0 | D:1      | Querens the Deep Elf Conjurer began the quest for the Orb.
     0 | D:1      | Reached XP level 1. HP: 10/10 MP: 6/6
   218 | D:1      | Reached XP level 2. HP: 15/15 MP: 2/8
   221 | D:1      | Learned a level 2 spell: Searing Ray
   485 | D:1      | Reached skill level 4 in Spellcasting
   502 | D:1      | Reached skill level 5 in Conjurations
   502 | D:1      | Reached XP level 3. HP: 19/19 MP: 7/10
   635 | D:1      | Found a faded altar of an unknown god.
  1253 | D:2      | Reached XP level 4. HP: 19/24 MP: 12/12
  1318 | D:2      | Noticed Natasha
  1323 | D:2      | Killed Natasha
  1324 | D:2      | Reached skill level 5 in Spellcasting
  1472 | D:2      | Identified the +2 short sword of Freezing Defiance {elec,
                  | rF+++ rC- rCorr Stlth-}
  1488 | D:2      | Noticed Natasha
  1493 | D:2      | Killed Natasha
  1494 | D:2      | Reached XP level 5. HP: 28/28 MP: 9/14
  1710 | D:3      | Noticed Jessica
  1713 | D:3      | Killed Jessica
  1792 | D:3      | Learned a level 4 spell: Iskenderun's Mystic Blast
  1797 | D:3      | Learned a level 4 spell: Fulminant Prism
  2117 | D:3      | Noticed Robin
  2137 | D:3      | Reached skill level 6 in Spellcasting
  2151 | D:3      | Killed Robin
  2453 | D:3      | Noticed Ijyb
  2460 | D:3      | Killed Ijyb
  2461 | D:3      | Reached XP level 6. HP: 25/32 MP: 17/17
  2587 | D:4      | Reached skill level 7 in Spellcasting
  2589 | D:4      | Incinerated by a bombardier beetle

Illustrated notes

Levels and vault maps discovered:
D:1:      orjb1_lava_funnel, layout_loops_corners,
          shapermc_ecumenical_altar_mp_urbaneastern
D:2:      mumra_celtic_spiral_tile, layout_basic, interstate_on_off,
          nicolae_eternal_life, uniq_natasha
D:3:      layout_loops_corners, grunt_ministairs_9, uniq_ijyb, uniq_jessica,
          uniq_robin
D:4:      minmay_octagon_keep, layout_loops_ring,
          grunt_temple_overflow_champion_of_chaos,
          minmay_temple_entry_overgrown, serial_shops, nicolae_take_the_stairs

Skill      XL: |  1  2  3  4  5  6 |
---------------+-------------------+-----
Spellcasting   | 4 5 6 7 |  7.0
Conjurations   | 5 6 |  6.9
Dodging        | |  2.4
Stealth        | |  2.4

Action                     |  1- 3 |  4- 6 || total
---------------------------+-------+-------++-------
  Melee: Unarmed           |    17 |       ||    17
         Dagger            |    12 |    11 ||    23
         Short sword       |    59 |    77 ||   136
   Cast: Magic Dart        |    25 |    13 ||    38
         Searing Ray       |     6 |    18 ||    24
   Stab: Sleeping          |     2 |       ||     2
 Armour: Robe              |    45 |    61 ||   106
  Dodge: Dodged            |    62 |    60 ||   122
